 Dungeon Crawl Stone Soup version 0.23.1 (webtiles) character file.

Game seed: 3038866037444705431

83 Borgoz the Sneak (level 4, -1/35 HPs)
             Began as a Ghoul Enchanter on Mar 14, 2019.
             Slain by an iguana (3 damage)
             ... on level 5 of the Dungeon.
             The game lasted 00:04:23 (2146 turns).

Borgoz the Sneak (Ghoul Enchanter)                  Turns: 2146, Time: 00:04:23

Health: -1/35      AC:  6    Str: 11    XL:     4   Next: 44%
Magic:  1/6        EV: 13    Int: 10    God:
Gold:   52         SH:  0    Dex: 12    Spells: 1/7 levels left

rFire    . . .     SeeInvis .   a - +1 dagger
rCold    + . .     Gourm    .   (no shield)
rNeg     + + +     Faith    .   e - +1 ring mail
rPois    ∞         Spirit   .   (no helmet)
rElec    .         Reflect  .   (no cloak)
rCorr    .         Harm     .   (no gloves)
MR       .....                  (no boots)
Stlth    ++........             (no amulet)
HPRegen  0.00/turn              f - +2 ring of dexterity (curse)
MPRegen  0.10/turn              i - +2 ring of evasion

@: very slightly contaminated, rotting
A: rotting body, claws 1, carnivore, cold resistance 1, negative energy
resistance 3, inhibited regeneration, torment resistance, unbreathing
a: no special abilities


You were on level 5 of the Dungeon.
You were not hungry.

You visited 1 branch of the dungeon, and saw 5 of its levels.

You collected 52 gold pieces.

Inventory:

Hand Weapons
 a - a +1 dagger (weapon)
Missiles
 h - 3 javelins (quivered)
 l - 19 poisoned needles
 m - 6 tomahawks
Armour
 c - a +0 scale mail
 e - a +1 ring mail (worn)
Jewellery
 f - a cursed +2 ring of dexterity (left claw)
 i - a +2 ring of evasion (right claw)
Scrolls
 k - a scroll of amnesia
Comestibles
 b - 2 chunks of flesh
 d - 5 rations


   Skills:
 + Level 1.0 Fighting
 + Level 1.6 Short Blades
 + Level 1.3 Armour
 + Level 2.4 Dodging
 + Level 3.5 Stealth
 + Level 2.1 Spellcasting
 + Level 2.6 Hexes


You had one spell level left.
You knew the following spells:

 Your Spells              Type           Power        Failure   Level  Hunger
a - Corona                Hex            #......      24%         1    ##.....
b - Ensorcelled Hibernat  Hex/Ice        #.....       54%         2    ###....
c - Confuse               Hex            #.......     58%         3    ####...

Your spell library contained the following spells:

 Spells                   Type           Power        Failure   Level  Hunger
 Tukima's Dance           Hex            #.......     58%         3    ####...
 Dazzling Spray           Conj/Hex       #.....       77%         3    ####...


Dungeon Overview and Level Annotations

Branches:
Dungeon (5/15)
 Temple: D:4-7

Altars:
Cheibriados
Elyvilon
Kikubaaqudgha
Trog
Uskayaw
The Shining One

Annotations:
D:4 Eustachio


Innate Abilities, Weirdness & Mutations

Your body is rotting away.
You thrive on raw meat.
You are immune to poison.
You have sharp fingernails.
You are carnivorous and can eat meat at any time.
Your flesh is cold resistant. (rC+)
You are immune to negative energy. (rN+++)
You do not regenerate when monsters are visible.
You are immune to unholy pain and torment.
You can survive without breathing.


Message History

The iguana barely misses you.
Found a spear.
Throwing (i - inventory. (/) - cycle)
j - 2 poisoned javelins (quivered)
Press: ? - help, Shift-Dir - straight line, f/p - iguana
Aim: an iguana (moderately wounded)
You throw a poisoned javelin.
The poisoned javelin closely misses the iguana.
The iguana closely misses you.
The iguana hisses menacingly.
The iguana barely misses you.
Throwing (i - inventory. (/) - cycle)
j - a poisoned javelin (quivered)
Press: ? - help, Shift-Dir - straight line, f/p - iguana
Aim: an iguana (moderately wounded)
You throw a poisoned javelin. The poisoned javelin hits the iguana.
The iguana is severely wounded.
The iguana closely misses you.
You barely miss the iguana.
The iguana is severely wounded.
The iguana bites you.
You die...

#. .. .#... .
#. ....# #.#.
#.#.# .#.
##...# .)
..#.# #. #.#.#
#.###(#.###.##
#.@l..<..(....
#######)...##.
###.# #


You could see an iguana.

Vanquished Creatures
  2 adders
  A worm (D:2)
  2 dart slugs (D:1)
  3 leopard geckos
  6 bats
  2 giant cockroaches
  10 goblins
  8 hobgoblins
  A quokka (D:2)
  2 frilled lizards
  7 kobolds
  6 rats
50 creatures vanquished.

Notes
Turn   | Place    | Note
-------+----------+-------------------------------------------
     0 | D:1      | Borgoz the Ghoul Enchanter began the quest for the Orb.
     0 | D:1      | Reached XP level 1. HP: 14/14 MP: 2/2
   413 | D:1      | Reached XP level 2. HP: 11/20 MP: 2/4
   416 | D:1      | Reached skill level 1 in Short Blades
   427 | D:1      | Learned a level 2 spell: Ensorcelled Hibernation
   841 | D:1      | Reached XP level 3. HP: 17/26 MP: 5/5
  1453 | D:2      | Found a bloodstained altar of Trog.
  1453 | D:2      | Found a glowing golden altar of the Shining One.
  1454 | D:2      | Found a white marble altar of Elyvilon.
  1484 | D:2      | Reached skill level 1 in Armour
  1506 | D:2      | Reached XP level 4. HP: 33/34 MP: 6/6
  1544 | D:2      | Found a snail-covered altar of Cheibriados.
  1548 | D:2      | Found a hide-covered altar of Uskayaw.
  1561 | D:2      | Found an ancient bone altar of Kikubaaqudgha.
  1645 | D:2      | Learned a level 3 spell: Confuse
  1733 | D:2      | Reached skill level 1 in Fighting
  2054 | D:3      | You fall through a shaft!
  2055 | D:4      | Noticed Eustachio
  2093 | D:5      | Entered Level 5 of the Dungeon
  2146 | D:5      | Slain by an iguana

Skill      XL: |  1  2  3  4 |
---------------+-------------+-----
Spellcasting   | 2 |  2.1
Dodging        | 2 |  2.4
Short Blades   | 1 |  1.6
Armour         | 1 |  1.3
Fighting       | 1 |  1.0
Stealth        | |  3.5
Hexes          | |  2.6

Action                   |  1- 3 |  4- 6 || total
-------------------------+-------+-------++-------
Melee: Dagger            |   168 |    88 ||   256
Throw: Javelin           |     2 |     4 ||     6
 Cast: Corona            |     3 |       ||     3
       Ensorcelled Hiber |     2 |     2 ||     4
  Use: Scroll            |     2 |     3 ||     5
       Potion            |     1 |       ||     1
 Stab: Sleeping          |     4 |     1 ||     5
  Eat: Chunk             |    16 |     2 ||    18
Armor: Ring mail         |    55 |    36 ||    91
Dodge: Dodged            |    95 |    86 ||   181
